 Dungeon Crawl Stone Soup version 0.31.0-9-g3a7656b989 (webtiles) character file.

Game seed: 8326952144818678177

406 qw the Ducker (level 6, 0/30 HPs)
             Began as a Spriggan Hunter on Feb 2, 2024.
             Slain by Pikel
             ... wielding a +0 whip of flaming
              (9 damage)
             ... on level 4 of the Dungeon.
             The game lasted 00:00:13 (2445 turns).

qw the Ducker (Spriggan Hunter)                     Turns: 2445, Time: 00:00:13

Health: 0/30       AC:  6    Str:  7    XL:     6   Next: 56%
Magic:  7/7        EV: 22    Int: 10    God:
Gold:   104        SH:  0    Dex: 21    Spells: 5/5 levels left

rFire   . . .        a - +0 shortbow
rCold   . . .        (shield currently unavailable)
rNeg    . . .        c - +0 robe
rPois   .            i - +1 hat
rElec   .            e - +2 cloak
rCorr   .            (gloves unavailable)
SInv    +            (boots unavailable)
Will    +....        (no amulet)
Stlth   ++           (no ring)
HPRegen 0.25/turn    (no ring)
MPRegen 0.10/turn

%: no passive effects
@: very quick
A: very small, no large weapons, unfitting armour, see invisible, speed 3
a: no special abilities


You were on level 4 of the Dungeon.
You visited 1 branch of the dungeon, and saw 4 of its levels.

You collected 104 gold pieces.


Innate Abilities, Weirdness & Mutations

You are very small and have problems with some larger weapons.
You are too small for most types of armour.
You have supernaturally acute eyesight. (SInv)
You cover ground extremely quickly. (Speed+++)


   Skills:
 - Level 2.0 Fighting
 + Level 6.2 Ranged Weapons
 - Level 6.5 Dodging
 - Level 1.5 Stealth


You had 5 spell levels left.
You didn't know any spells.
Your spell library was empty.

Inventory:

Hand Weapons
 a - a +0 shortbow (weapon)
Armour
 c - a +0 robe (worn)
 e - a +2 cloak (worn)
 i - a +1 hat (worn)
Scrolls
 b - a scroll of brand weapon {unknown}
Potions
 h - a potion of lignification {unknown}

Dungeon Overview and Level Annotations

Branches:
Dungeon (4/15)
 Temple: D:4-7

Altars:

Annotations:
D:2 1 runed translucent door, Crazy Yiuf
D:4 Pikel


Message History

Pikel hits you with a +0 whip of flaming!
Pikel burns you.
You shoot an arrow. The arrow hits Pikel.
Pikel is heavily wounded.
Pikel closely misses you.
You shoot an arrow.
The arrow hits Pikel but does no damage.
Pikel is heavily wounded.
Pikel closely misses you.
Pikel says, "You'll make a fine lemure."
Pikel hits you with a +0 whip of flaming.
Pikel burns you.
You shoot an arrow.
The arrow hits Pikel but does no damage.
Pikel is heavily wounded.
Pikel hits you but does no damage.
You shoot an arrow.
The arrow hits Pikel but does no damage.
Pikel is heavily wounded.
Pikel misses you.
You shoot an arrow. The arrow closely misses Pikel.
The arrow hits the lemure.
The lemure is moderately wounded.
Pikel barely misses you.
You shoot an arrow. The arrow misses Pikel.
The arrow barely misses the lemure.
The arrow hits the lemure but does no damage.
The lemure is moderately wounded.
Pikel hits you with a +0 whip of flaming!
Pikel burns you.
You shoot an arrow. The arrow closely misses Pikel.
The arrow hits the lemure!
The lemure is heavily wounded.
Pikel closely misses you.
You shoot an arrow. The arrow hits Pikel.
Pikel is heavily wounded.
Pikel completely misses you.
You shoot an arrow.
The arrow hits Pikel but does no damage.
Pikel is heavily wounded.
Pikel hits you with a +0 whip of flaming!
You die...
Pikel says, "See you in Hell!"

#..>%.......####.
#.........#.#
#........##.#
#.........# #
#.........# .
#.5...........
#555.....##..#
##K###......
###@###..).#
#....##%%###
####....##.<#
.........))##
#.#.........#
.....#........#
#.#..#...####....
.....#.... .....
##.. #.... #.<.


You could see Pikel and 4 lemures.

Vanquished Creatures
  A bullfrog (D:4)
  2 bombardier beetles
  A hound (D:3)
  3 sleepcaps (D:3)
  Terence (D:2)
  6 adders
  A ribbon worm (D:2)
  3 orcs
  12 bats
  6 endoplasms
  5 giant cockroaches
  9 goblins
  9 hobgoblins
  6 jackals
  2 quokkas (D:2)
  5 ball pythons
  A frilled lizard (D:3)
  7 kobolds
  3 rats
83 creatures vanquished.

Notes
Turn   | Place    | Note
-------+----------+-------------------------------------------
     0 | D:1      | qw the Spriggan Hunter began the quest for the Orb.
     0 | D:1      | Reached XP level 1. HP: 10/10 MP: 2/2
     0 | D:1      | 0 ||| qw: Version: 0.3-a-155-g5e7d8dd
     0 | D:1      | 0 ||| qw: Game counter: 1698
     0 | D:1      | 0 ||| qw: Melee chars always use a shield: true
     0 | D:1      | 0 ||| qw: God list: Okawaru
     0 | D:1      | 0 ||| qw: Allow faded altars: false
     0 | D:1      | 0 ||| qw: Do Orc after clearing Dungeon:15 true
     0 | D:1      | 0 ||| qw: Do second Lair branch before Depths: true
     0 | D:1      | 0 ||| qw: Lair rune preference: random
     0 | D:1      | 0 ||| qw: Goals: Normal
     0 | D:1      | 0 ||| PLANNING D:1-11
    83 | D:1      | Reached skill level 3 in Dodging
   172 | D:1      | Reached XP level 2. HP: 14/14 MP: 3/3
   473 | D:1      | Found a faded altar of an unknown god.
   582 | D:1      | Reached XP level 3. HP: 18/18 MP: 4/4
   915 | D:1      | 915 ||| UPGRADING to +2 cloak.
   920 | D:1      | 920 ||| READING scroll labelled BUEPLA LAIROPN.
   920 | D:1      | 920 ||| IDENTIFYING brown potion
   921 | D:1      | 921 ||| READING scroll labelled KODASE BAPTOEFUIFF.
   922 | D:1      | 922 ||| DROPPING scroll of butterflies.
   924 | D:1      | 924 ||| Stepping ~*~*~tactically~*~*~ (cloud).
   925 | D:1      | 925 ||| DRINKING potion of curing.
   925 | D:1      | 925 ||| (to cure poison)
   927 | D:1      | 927 ||| Stepping ~*~*~tactically~*~*~ (cloud).
  1088 | D:2      | Reached XP level 4. HP: 22/22 MP: 5/5
  1415 | D:2      | Noticed Terence
  1431 | D:2      | Killed Terence
  1576 | D:2      | Found a runed translucent door.
  1577 | D:2      | Noticed Crazy Yiuf
  1580 | D:2      | 1580 ||| READING scroll labelled ONOUPT TUGH.
  1580 | D:2      | 1580 ||| ENCHANTING +0 shortbow.
  1702 | D:3      | Reached XP level 5. HP: 26/26 MP: 6/6
  1904 | D:3      | HP: 6/26 [sleepcap (5)]
  1906 | D:3      | Reached skill level 6 in Ranged Weapons
  2097 | D:3      | Reached XP level 6. HP: 30/30 MP: 7/7
  2246 | D:3      | 2246 ||| UPGRADING to +1 hat.
  2251 | D:3      | 2251 ||| DROPPING amulet of magic regeneration.
  2252 | D:3      | 2252 ||| READING scroll of identify.
  2252 | D:3      | 2252 ||| IDENTIFYING emerald potion
  2253 | D:3      | 2253 ||| READING scroll labelled QIHEXU ROBRUUPP.
  2254 | D:3      | 2254 ||| DROPPING potion of degeneration.
  2263 | D:4      | 2263 ||| STAIRDANCE
  2267 | D:4      | 2267 ||| STAIRDANCE
  2271 | D:4      | 2271 ||| STAIRDANCE
  2302 | D:4      | 2302 ||| STAIRDANCE
  2347 | D:4      | Reached skill level 6 in Dodging
  2403 | D:4      | Noticed Pikel
  2404 | D:4      | 2404 ||| RETREEEEATING.
  2405 | D:4      | 2405 ||| RETREEEEATING.
  2406 | D:4      | 2406 ||| RETREEEEATING.
  2411 | D:4      | 2411 ||| RETREEEEATING.
  2412 | D:4      | 2412 ||| RETREEEEATING.
  2413 | D:4      | 2413 ||| RETREEEEATING.
  2414 | D:4      | 2414 ||| RETREEEEATING.
  2415 | D:4      | 2415 ||| RETREEEEATING.
  2416 | D:4      | 2416 ||| RETREEEEATING.
  2417 | D:4      | 2417 ||| RETREEEEATING.
  2418 | D:4      | 2418 ||| RETREEEEATING.
  2419 | D:4      | 2419 ||| RETREEEEATING.
  2420 | D:4      | 2420 ||| RETREEEEATING.
  2421 | D:4      | 2421 ||| RETREEEEATING.
  2422 | D:4      | 2422 ||| RETREEEEATING.
  2423 | D:4      | 2423 ||| RETREEEEATING.
  2424 | D:4      | 2424 ||| RETREEEEATING.
  2425 | D:4      | 2425 ||| RETREEEEATING.
  2445 | D:4      | Slain by Pikel

Levels and vault maps discovered:
D:1:      heliophobic_arrival_dark_side_of_the_moon, layout_basic,
          hellmonk_ecumenical_altar_leap_of_faith
D:2:      layout_rooms, uniq_terence, uniq_crazy_yiuf_cottage
D:3:      layout_basic, serial_aquarium, aquarium_bridge_square
          [aquarium_subvault_bridge, aquarium_subvault_bridge,
          aquarium_subvault_bridge, aquarium_subvault_wall],
          aquarium_window_fake, aquarium_window_fake, aquarium_window_1,
          aquarium_view_2f, aquarium_view_2d, aquarium_balcony_3b,
          chequers_hall_statues_wall_a, hellmonk_no_cap
D:4:      layout_rooms, lemuel_doored_altar, serial_glass, glass_columns_a,
          glass_columns_b, glass_columns_a, glass_columns_a, glass_columns_a,
          uniq_pikel, uniq_menkaure

Skill      XL: |  1  2  3  4  5  6 |
---------------+-------------------+-----
Dodging        | 3 4 5 6 |  6.5
Ranged Weapons | 5 6 |  6.2
Fighting       | 2 |  2.0
Stealth        | |  1.5

Action                     |  1- 3 |  4- 6 || total
---------------------------+-------+-------++-------
   Fire: Shortbow          |   122 |   184 ||   306
    Use: Scroll            |     2 |     3 ||     5
         Potion            |     1 |       ||     1
 Armour: Robe              |    13 |    44 ||    57
  Dodge: Dodged            |    53 |    84 ||   137

Table legend:
 A = Non-vault XP
 B = Vault XP
 C = Vault XP percentage of total XP
 D = Non-vault monster count
 E = Vault monster count
 F = Vault count percentage of total count
                 A         B        C        D         E       F
            +---------+---------+-------+---------+---------+-------
      Total |     419 |     161 |  27.8 |      78 |       5 |   6.0
            +---------+---------+-------+---------+---------+-------
        D:1 |      55 |       0 |   0.0 |      32 |       0 |   0.0
        D:2 |      86 |      32 |  27.1 |      22 |       1 |   4.3
        D:3 |     131 |     129 |  49.6 |      18 |       4 |  18.2
        D:4 |     147 |       0 |   0.0 |       6 |       0 |   0.0
            +---------+---------+-------+---------+---------+-------
